 Dungeon Crawl Stone Soup version 0.20-a0-903-g7e3609c (console) character file.

183811 nht the Executioner (level 18, -3/138 HPs)
             Began as a Barachi Berserker on Mar 21, 2017.
             Was a High Priest of Trog.
             Slain by a merfolk impaler
             ... wielding a +2 demon trident of pain
              (5 damage)
             ... on level 4 of the Shoals.
             The game lasted 01:14:04 (29897 turns).

nht the Executioner (Barachi Berserker)            Turns: 29897, Time: 01:14:05

Health: -3/138     AC: 28    Str: 26    XL:     18   Next: 38%
Magic:  6/6        EV: 19    Int:  7    God:    Trog [*****.]
Gold:   2947       SH:  0    Dex: 13    Spells: 17/17 levels left

rFire    + . .     SeeInvis .   a - +9 executioner's axe (antimagic)
rCold    . . .     Gourm    .   O - +3 plate armour {rF+}
rNeg     . . .     Faith    .   (shield currently unavailable)
rPois    .         Spirit   .   G - +2 hat
rElec    .         Reflect  .   n - +0 cloak
rCorr    .         Harm     .   i - +2 pair of gloves
MR       +....                  D - +2 pair of boots {run}
Stlth    ..........             V - amulet of regeneration
Regen    0.8/turn               g - +3 ring of evasion
MPRegen  0.1/turn               F - +5 ring of evasion

@: no status effects
A: +LOS, swims, slowness 1, strong legs 2
a: Hop, Berserk, Trog's Hand, Brothers in Arms, Burn Spellbooks, Renounce
Religion


You were on level 4 of the Shoals.
You worshipped Trog.
Trog was extremely pleased with you.
You were not hungry.

You visited 5 branches of the dungeon, and saw 28 of its levels.
You visited the Abyss 1 time.
You also visited: Labyrinth and Volcano.

You collected 3330 gold pieces.
You spent 383 gold pieces at shops.

Inventory:

Hand Weapons
 a - a +9 antimagic executioner's axe (weapon)
 y - a +0 blowgun
Missiles
 b - 6 silver javelins
 e - 6 poisoned tomahawks
 j - 4 needles of confusion
 k - 36 tomahawks (quivered)
 p - 5 javelins of penetration
 v - 72 poisoned needles
 x - 9 curare-tipped needles
 B - 4 steel tomahawks
 K - a tomahawk of dispersal
 M - 13 needles of sleeping
 P - 8 silver tomahawks
 Q - 6 needles of paralysis
 T - 61 javelins
 U - 11 throwing nets
 X - 56 poisoned javelins
 Y - 22 exploding tomahawks
 Z - 6 tomahawks of returning
Armour
 i - a +2 pair of gloves (worn)
 n - a +0 cloak (worn)
 D - a +2 pair of boots of running (worn)
 G - a +2 hat (worn)
 O - a +3 plate armour of fire resistance (worn)
Jewellery
 g - a +3 ring of evasion (right hand)
 r - an uncursed ring of resist corrosion
 F - a +5 ring of evasion (left hand)
 V - an amulet of regeneration (around neck)
Wands
 W - a wand of digging (9/24)
Scrolls
 d - 7 scrolls of remove curse
 l - 5 scrolls of identify
 m - 5 scrolls of teleportation
 q - 2 scrolls of brand weapon
 t - 4 scrolls of enchant armour
 u - 5 scrolls of blinking
 w - 9 scrolls of recharging
 I - 3 scrolls of enchant weapon
Potions
 f - 5 potions of curing
 h - 3 potions of haste
 o - 2 potions of heal wounds
 s - 2 potions of agility
 A - 4 potions of mutation
 E - 5 potions of flight
 H - 4 potions of might
 N - a potion of ambrosia
 R - 5 potions of resistance
Comestibles
 c - 13 bread rations
 z - 18 meat rations
 C - 9 royal jellies
 J - 20 fruits
 S - 2 chunks of flesh


   Skills:
 - Level 11.1 Fighting
 * Level 24.1 Axes
 - Level 16.0 Throwing
 - Level 10.8 Armour
 - Level 7.7 Dodging


You had 17 spell levels left.
You didn't know any spells.

Dungeon Overview and Level Annotations

Branches:
Dungeon (15/15)            Temple (1/1) D:4            Lair (6/6) D:10
 Shoals (4/4) Lair:3       Spider (0/4) Lair:2        Slime (0/5) Lair:6
    Orc (2/2) D:12            Elf (0/3) Orc:2        Vaults (0/5) D:14
 Depths (0/5) D:15

Altars:
Ashenzari
Elyvilon
Hepliaklqana
Kikubaaqudgha
Makhleb
Nemelex Xobeh
Okawaru
Qazlal
Ru
Uskayaw
Vehumet
Xom
Yredelemnul
Beogh
Jiyva

Shops:
Orc:2 :}*(*   Shoals:4 (


Innate Abilities, Weirdness & Mutations

Shadows flee at your approach. (+LOS)
You can swim through water.
You cover ground slowly.
You can hop longer distances.


Message History

* * * LOW HITPOINT WARNING * * *
You writhe in agony.
* * * LOW HITPOINT WARNING * * *
You closely miss the merfolk impaler.
The merfolk impaler is almost dead.
The merfolk impaler hits you but does no damage.
You writhe in agony.
* * * LOW HITPOINT WARNING * * *
You closely miss the merfolk impaler.
The merfolk impaler is almost dead.
The merfolk impaler completely misses you.
The merfolk impaler hits you with a demon trident of pain!
* * * LOW HITPOINT WARNING * * *
You are too injured to fight recklessly!
You miss the merfolk impaler.
The merfolk impaler is almost dead.
The merfolk impaler hits you with a demon trident of pain!!
* * * LOW HITPOINT WARNING * * *
You writhe in agony.
You die...

██.█.█.██≈..≈≈≈≈≈≈≈≈≈≈≈≈≈≈....███
██≈...≈.██.≈≈≈≈≈≈≈≈≈≈≈≈≈≈≈.████ █
██.█.█.██.≈≈≈≈≈≈≈≈≈≈≈≈≈≈≈.██ █
█≈..≈...█.≈≈≈≈≈≈≈≈≈≈≈≈≈≈≈≈.███ █
≈█.█.≈.█.≈≈≈≈≈≈≈≈≈≈≈≈≈≈≈≈≈≈..████
[.█████≈≈≈≈≈≈≈≈≈≈≈≈≈≈)≈≈≈≈≈≈....≈
..≈≈≈██.≈≈≈≈≈≈≈≈≈≈≈≈≈≈≈≈≈≈≈≈≈≈.≈≈
....≈≈≈.≈≈≈≈≈≈≈≈≈≈≈≈≈≈≈≈≈≈≈≈≈≈≈≈≈
)..≈≈≈≈≈≈≈≈(≈≈≈≈@≈≈≈≈≈≈≈≈≈≈≈≈≈≈≈█
..≈≈≈≈≈≈≈≈≈≈≈≈≈m≈≈≈≈≈≈≈≈≈≈≈.≈≈≈≈█
..≈≈≈≈≈≈≈≈≈≈≈≈≈≈≈≈≈≈≈≈≈≈≈≈..≈≈≈≈█
.≈≈≈≈≈≈≈≈≈≈≈≈(≈≈≈≈....≈≈≈≈......█
≈≈≈≈≈≈≈≈≈≈≈≈(≈≈≈≈......≈≈≈≈≈≈...█
≈≈≈≈≈≈≈≈≈≈≈(≈≈≈≈≈..^█████≈≈≈≈≈..█
≈≈≈≈≈≈≈≈≈≈(≈≈≈(≈...██...██≈≈≈≈≈.█
≈≈≈≈≈≈≈≈≈≈≈≈≈≈≈≈...█.....█.≈≈[..█
≈≈≈≈≈≈≈≈≈≈≈≈≈≈≈≈...(.=)..█...≈)..


You could see a merfolk impaler.

Vanquished Creatures
  A kraken (Shoals:3)
  2 tentacled starspawn
  Agnes (D:15)
  Ilsuiw (Shoals:4)
  Louise (D:15)
  An orc warlord (Orc:2)
  A stone giant (Orc:2)
  6 merfolk javelineers (Shoals:4)
  3 ettins (Orc:1)
  A minotaur (Lab)
  12 merfolk impalers
  A fire dragon (D:15)
  5 hydras
  4 merfolk avatars
  An ice dragon (D:15)
  2 alligator snapping turtles
  5 merfolk aquamancers
  3 catoblepae (Lair:6)
  2 satyrs
  9 two-headed ogres
  2 tengu warriors
  4 death yaks (Lair:6)
  A thrashing horror (Abyss:2)
  Urug (Lair:5)
  4 orc high priests (Orc:2)
  Nergalle (Lair:3)
  Sonja (D:13)
  5 skeletal warriors (D:15)
  A wretched star (Abyss:2)
  9 sea snakes
  2 unseen horrors (D:14)
  A deep elf archer (D:15)
  11 harpies
  A necromancer (D:14)
  12 orc knights
  4 orc sorcerers (Orc:2)
  A wolf spider zombie (D:15)
  24 ugly things
  The ghost of Meriados the Spear-Bearer, a novice MfSk of Wu Jian (D:6)
  2 salamanders (Volcano)
  12 elephants (Lair:4)
  16 manticores
  9 cyclopes
  19 fauns
  12 merfolk sirens
  5 black mambas
  2 apocalypse crabs (Abyss:2)
  3 water nymphs
  2 large abominations (Abyss:2)
  3 centaur skeletons
  A gargoyle (D:15)
  A rime drake (Lair:2)
  3 kobold demonologists
  7 komodo dragons
  12 spiny frogs
  3 yaktaurs
  An efreet (D:14)
  2 tengu conjurers
  42 merfolk
  8 trolls
  A meliai (shapeshifter) (D:15)
  A queen bee (Lair:3)
  A meliai (D:15)
  A polar bear (Lair:5)
  A jumping spider (Lair:2)
  Grinder (D:6)
  A wind drake (shapeshifter) (D:13)
  22 blink frogs
  10 wind drakes
  8 slime creatures (D:13)
  16 hippogriffs
  5 dream sheep
  6 snapping turtles
  3 ynoxinuls (Abyss:2)
  2 spriggans (Lair:5)
  A wraith (D:14)
  2 shadows
  2 wyverns
  18 water elementals
  56 yaks
  3 fire bats (Volcano)
  A fire elemental (Abyss:2)
  2 hungry ghosts
  6 vampire mosquitoes
  5 wargs
  Edmund (D:6)
  6 basilisks
  A soldier ant (D:11)
  An acid dragon (D:14)
  14 water moccasins
  9 porcupines
  3 hell hounds
  44 orc warriors
  3 sky beasts
  An eye of draining (shapeshifter) (D:14)
  An eye of draining (D:15)
  A phantom (D:11)
  5 ice beasts
  4 black bears
  28 wolves
  A necrophage (D:14)
  10 ogres
  9 centaurs
  14 crocodiles
  The ghost of nht the Bolt Thrower, an amateur KoAM (D:3)
  7 big kobolds
  12 bullfrogs
  2 wyvern zombies
  3 small abominations (Abyss:2)
  A wyvern skeleton (D:14)
  A scorpion (D:6)
  A water moccasin skeleton (D:5)
  14 killer bees (Lair:3)
  19 wights
  14 crimson imps
  5 howler monkeys
  A bullfrog zombie (D:12)
  A quasit (D:12)
  6 hounds
  24 orc priests
  2 jellies
  25 orc wizards
  4 iguanas
  7 worker ants
  A hound zombie (D:11)
  2 hound skeletons
  A worker ant zombie (D:5)
  11 gnolls
  4 adders
  4 shadow imps
  An adder skeleton (D:6)
  2 worms
  A dart slug (D:2)
  3 leopard geckos
  104 orcs
  A ball python (D:5)
  3 giant cockroaches
  5 goblins
  5 hobgoblins
  5 jackals
  45 kobolds
  4 quokkas
  5 bats
  12 frilled lizards
  A jackal skeleton (D:4)
  3 quokka skeletons
  9 rats
  5 fungi
  16 plants
  2 starspawn tentacles (Abyss:2)
1049 creatures vanquished.

Vanquished Creatures (collateral kills)
  Rupert (Lair:4)
  A merfolk javelineer (Shoals:4)
  3 hydras
  A two-headed ogre (D:8)
  2 merfolk sirens (Shoals:4)
  An elephant (Lair:3)
  A black mamba (Lair:6)
  2 spiny frogs (Lair:3)
  A komodo dragon (Lair:6)
  A rime drake (Lair:3)
  2 trolls (Orc:2)
  A wind drake (Shoals:4)
  A merfolk (Shoals:1)
  A hippogriff (Lair:3)
  2 blink frogs (Lair:6)
  A yak (Lair:3)
  3 wyverns
  2 orc warriors (Orc:2)
  A wolf (Lair:3)
  A big kobold (D:9)
  12 killer bees (Lair:3)
  An orc priest (D:15)
  3 orcs
  A giant cockroach (D:8)
46 creatures vanquished.

Vanquished Creatures (others)
  A merfolk aquamancer (Shoals:4)
  A goblin (D:3)
  5 fungi
  8 plants
  2 starspawn tentacles (Abyss:3)
  4 tentacles (Shoals:3)
21 creatures vanquished.

Grand Total: 1116 creatures vanquished

Notes
Turn   | Place    | Note
-------+----------+-------------------------------------------
     0 | D:1      | nht the Barachi Berserker began the quest for the Orb.
     0 | D:1      | Reached XP level 1. HP: 18/18 MP: 1/1
   349 | D:1      | Reached XP level 2. HP: 21/24 MP: 2/2
   393 | D:1      | Reached skill level 4 in Axes
   843 | D:2      | Found a radiant altar of Vehumet.
   850 | D:2      | Reached XP level 3. HP: 29/29 MP: 3/3
  1063 | D:2      | Found a white marble altar of Elyvilon.
  1067 | D:2      | Reached ** piety under Trog
  1312 | D:2      | Reached skill level 5 in Axes
  1716 | D:3      | Found a stormy altar of Qazlal.
  1793 | D:3      | Noticed nht's ghost (amateur KoAM)
  1810 | D:3      | Reached XP level 4. HP: 36/36 MP: 4/4
  1836 | D:3      | Killed nht's ghost
  1836 | D:3      | Reached skill level 6 in Axes
  1836 | D:3      | Reached XP level 5. HP: 12/41 MP: 5/5
  2497 | D:4      | Reached skill level 7 in Axes
  2503 | D:4      | Reached XP level 6. HP: 47/47 MP: 6/6
  2625 | D:4      | Found a staircase to the Ecumenical Temple.
  2872 | Temple   | Entered the Ecumenical Temple
  2889 | D:5      | Entered Level 5 of the Dungeon
  2904 | D:5      | Found a shimmering altar of Xom.
  2905 | D:5      | Found a burning altar of Makhleb.
  3207 | D:5      | Reached skill level 8 in Axes
  3397 | D:5      | Reached XP level 7. HP: 52/52 MP: 7/7
  3429 | D:5      | Reached *** piety under Trog
  3534 | D:5      | Reached skill level 9 in Axes
  3598 | D:5      | Found an iron altar of Okawaru.
  3732 | D:5      | Found a hide-covered altar of Uskayaw.
  4202 | D:6      | Noticed Edmund
  4307 | D:6      | Noticed Meriados's ghost (novice MfSk)
  4315 | D:6      | Killed Meriados's ghost
  4315 | D:6      | Reached skill level 10 in Axes
  4315 | D:6      | Reached XP level 8. HP: 59/59 MP: 8/8
  4533 | D:6      | Reached skill level 11 in Axes
  4547 | D:6      | Killed Edmund
  4921 | D:6      | Reached **** piety under Trog
  4927 | D:6      | Reached skill level 12 in Axes
  4935 | D:6      | Noticed Grinder
  4948 | D:6      | Killed Grinder
  4948 | D:6      | Reached XP level 9. HP: 44/64 MP: 9/9
  5458 | D:7      | Reached skill level 13 in Axes
  6552 | D:8      | Reached skill level 14 in Axes
  6559 | D:8      | Noticed a two-headed ogre
  6572 | D:8      | Killed a two-headed ogre
  6594 | D:8      | Reached XP level 10. HP: 49/70 MP: 10/10
  6995 | D:9      | Reached skill level 1 in Throwing
  6996 | D:9      | Noticed a two-headed ogre
  7055 | D:9      | Killed a two-headed ogre
  7060 | D:9      | Reached ***** piety under Trog
  7070 | D:9      | Received a gift from Trog
  7374 | D:9      | Found a shattered altar of Ashenzari.
  7499 | D:9      | Reached skill level 5 in Throwing
  7505 | D:9      | Found a hazy altar of Hepliaklqana.
  7571 | D:9      | Found a sacrificial altar of Ru.
  7617 | D:9      | Found an ancient bone altar of Kikubaaqudgha.
  7628 | D:9      | Found a sparkling altar of Nemelex Xobeh.
  7662 | D:9      | Noticed a two-headed ogre
  7664 | D:9      | Noticed a two-headed ogre
  7671 | D:10     | Entered Level 10 of the Dungeon
  8155 | D:9      | Killed a two-headed ogre
  8160 | D:9      | Killed a two-headed ogre
  8160 | D:9      | Reached XP level 11. HP: 13/75 MP: 11/11
  8951 | D:9      | Noticed a two-headed hydra
  8958 | D:9      | Killed a two-headed hydra
  9359 | D:10     | Reached skill level 10 in Throwing
  9865 | D:10     | Found a staircase to the Lair.
  9951 | Lair:1   | Entered Level 1 of the Lair of Beasts
 10827 | Lair:1   | Noticed a five-headed hydra
 10838 | Lair:1   | Killed a five-headed hydra
 10838 | Lair:1   | Reached skill level 15 in Axes
 11323 | Lair:2   | Reached skill level 5 in Fighting
 11326 | Lair:2   | Reached XP level 12. HP: 86/86 MP: 12/12
 11407 | Lair:2   | Reached skill level 5 in Armour
 11708 | Lair:2   | Found a hole to the Spider Nest.
 12002 | Lair:2   | Received a gift from Trog
 12707 | Lair:3   | Reached skill level 16 in Axes
 12808 | Lair:3   | Received a gift from Trog
 13011 | Lair:3   | Noticed Nergalle
 13024 | Lair:3   | Killed Nergalle
 13336 | Lair:3   | Found a staircase to the Shoals.
 13715 | Lair:4   | Gained mutation: You can hop longer distances. [Barachi growth]
 13715 | Lair:4   | Reached XP level 13. HP: 54/97 MP: 13/13
 14013 | Lair:4   | Noticed Rupert
 14022 | Lair:4   | Paralysed by Rupert for 5 turns
 14023 | Lair:4   | Killed Rupert
 14086 | Lair:4   | Received a gift from Trog
 14086 | Lair:4   | Reached skill level 17 in Axes
 14464 | Lair:4   | Received a gift from Trog
 14464 | Lair:4   | Reached skill level 18 in Axes
 15068 | Lair:5   | Noticed Urug
 15075 | Lair:5   | Killed Urug
 15304 | Lair:6   | Entered Level 6 of the Lair of Beasts
 15354 | Lair:6   | WTF
 15398 | Lair:6   | Reached XP level 14. HP: 55/105 MP: 14/14
 15435 | Lair:6   | Reached skill level 19 in Axes
 15441 | Lair:6   | Found a viscous altar of Jiyva.
 15441 | Lair:6   | Found a staircase to the Slime Pits.
 15667 | Lair:6   | HP: 7/157 [ten-headed hydra (7)]
 15667 | Lair:6   | HP: 3/157 [ten-headed hydra (1)]
 16210 | Lair:6   | Reached skill level 20 in Axes
 16708 | Lair:6   | Received a gift from Trog
 17010 | D:11     | Found a labyrinth entrance.
 17019 | Lab      | Entered a labyrinth
 17273 | Lab      | Identified Wunu's Reference Book on the Oath
 17816 | D:12     | Found a bloodstained altar of Trog.
 17818 | D:12     | Found a hazy altar of Hepliaklqana.
 17818 | D:12     | Found a basalt altar of Yredelemnul.
 17819 | D:12     | Found a blossoming altar of Fedhas.
 17819 | D:12     | Found a burning altar of Makhleb.
 17819 | D:12     | Found a shimmering altar of Xom.
 17939 | D:12     | Found a roughly hewn altar of Beogh.
 17939 | D:12     | Found a staircase to the Orcish Mines.
 18022 | D:12     | Received a gift from Trog
 18533 | Orc:1    | Entered Level 1 of the Orcish Mines
 18562 | Orc:1    | Reached skill level 21 in Axes
 18579 | Orc:1    | Received a gift from Trog
 18782 | Orc:2    | Entered Level 2 of the Orcish Mines
 18782 | Orc:2    | Found a burning altar of Makhleb.
 18824 | Orc:2    | Found a staircase to the Elven Halls.
 18919 | Orc:2    | Reached XP level 15. HP: 86/112 MP: 15/15
 18952 | Orc:2    | Noticed an orc warlord
 18953 | Orc:2    | Found Rihachec's Book Boutique.
 18960 | Orc:2    | Killed an orc warlord
 19050 | Orc:2    | Found a dark tunnel.
 19059 | Volcano  | Entered a volcano
 19095 | Volcano  | Reached ****** piety under Trog
 19336 | Orc:2    | Received a gift from Trog
 19816 | Orc:1    | Received a gift from Trog
 19893 | Orc:1    | Found a roughly hewn altar of Beogh.
 19897 | Orc:1    | HP: 3/113 [orc knight/enchanted battleaxe (35)]
 19898 | Orc:1    | yikes
 20618 | Orc:2    | Reached skill level 5 in Dodging
 20625 | Orc:2    | Found Zaji's General Store.
 20625 | Orc:2    | Found Wiajonoff's Gadget Emporium.
 20632 | Orc:2    | Found Esioschoa's Antique Weapon Shop.
 20632 | Orc:2    | Found Qugy's Assorted Antiques.
 20716 | Orc:2    | Bought 2 potions of curing for 84 gold pieces
 20719 | Orc:2    | Bought a pair of glowing boots for 195 gold pieces
 20719 | Orc:2    | Bought a copper wand for 104 gold pieces
 20731 | Orc:2    | Identified a +0 pair of boots of running (You bought it in a shop on level 2 of the Orcish Mines)
 21067 | D:13     | Received a gift from Trog
 21239 | D:13     | Noticed Sonja
 21240 | D:13     | Killed Sonja
 21523 | D:13     | Reached skill level 10 in Fighting
 21905 | D:14     | Received a gift from Trog
 22052 | D:14     | Reached XP level 16. HP: 116/122 MP: 16/16
 22111 | D:14     | Reached skill level 10 in Armour
 22147 | D:14     | Found a gate to the Vaults.
 22348 | D:14     | Received a gift from Trog
 22871 | D:15     | Entered Level 15 of the Dungeon
 22879 | D:15     | Noticed Agnes
 22893 | D:15     | Killed Agnes
 23291 | D:15     | Noticed Louise
 23308 | D:15     | Killed Louise
 23490 | D:15     | Identified a scroll of acquirement
 23497 | D:15     | Found a white marble altar of Elyvilon.
 23915 | D:15     | Received a gift from Trog
 24118 | D:15     | Found a staircase to the Depths.
 24463 | Shoals:1 | Entered Level 1 of the Shoals
 24483 | Shoals:1 | Reached skill level 15 in Throwing
 24917 | Shoals:1 | Identified the +3 chain mail "Qeicoesch" {rF+ Dex+4} (You found it on level 1 of the Shoals)
 25263 | Shoals:1 | Received a gift from Trog
 25289 | Shoals:1 | Reached XP level 17. HP: 86/131 MP: 5/17
 26217 | Shoals:2 | Reached skill level 22 in Axes
 26548 | Shoals:3 | Cast into level 2 of the Abyss (faun)
 26641 | Abyss:2  | Noticed a tentacled starspawn
 26654 | Abyss:2  | Killed a tentacled starspawn
 26815 | Abyss:3  | Noticed a tentacled starspawn
 26827 | Abyss:3  | Killed a tentacled starspawn
 26829 | Shoals:3 | Escaped the Abyss
 27239 | Shoals:3 | Received a gift from Trog
 27317 | Shoals:3 | Noticed a kraken
 27328 | Shoals:3 | Killed a kraken
 27894 | Shoals:4 | Entered Level 4 of the Shoals
 28082 | Shoals:4 | Noticed Ilsuiw
 28095 | Shoals:4 | Reached skill level 23 in Axes
 28109 | Shoals:4 | Killed Ilsuiw
 28399 | Shoals:4 | Reached XP level 18. HP: 95/138 MP: 6/18
 28956 | Shoals:4 | Received a gift from Trog
 28967 | Shoals:4 | Identified the ring of Tiyqew {+Fly Stlth-} (You found it on level 4 of the Shoals)
 29057 | Shoals:4 | FUCKING DIE
 29288 | Shoals:4 | Received a gift from Trog
 29530 | Shoals:4 | Found Ului's Antique Weapon Shoppe.
 29580 | Shoals:4 | Reached skill level 24 in Axes
 29897 | Shoals:4 | HP: 2/138 [merfolk impaler/demon trident of pain (20)]
 29897 | Shoals:4 | Slain by a merfolk impaler

Vault maps used:
D:1:      dpeg_arrival_windows_large_door
D:2:      minmay_wonky_spiral, overflow_temple_1_default,
          overflow_temple_1_default
D:3:      grunt_qazlal_clouds
D:4:      minmay_temple_entry_trees, serial_glass, glass_columns_c,
          glass_columns_b, glass_columns_b, glass_columns_b
D:5:      kennysheep_kobold_camp, okawaru_metal_pillars_3, kennysheep_mini_moat,
          grunt_temple_overflow_champion_of_chaos, first_bread,
          serial_park_tiny_1
D:6:      uniq_edmund, uniq_grinder
D:9:      kiku_gazebo_garden_becter, nemelex_xobeh_ov_fountains_minmay,
          ashenzari_altar_1, basic_altar, hangedman_ranch,
          minmay_misc_feat_tiny, nicolae_ru_sacrificial_ziggurat
D:10:     minmay_lair_entry_lava
D:11:     lab_entry_generic
D:12:     david_orc_5, grunt_ministairs_15, doesnt_xom_only_xom
D:13:     hex_tiny, roderic_cross_of_infinity, minmay_lizard_king, uniq_sonja
D:14:     david_vaults_1, minivault_27, st_stairs_7, minmay_liquid_box
D:15:     grunt_enter_depths_hoard, minivault_27, elyvilon_altar_1, uniq_agnes,
          uniq_louise
Temple:   minmay_temple_bridge_abc
Lair:2:   spider_nest_entry_a, columned_hall_lemuel, st_stairs_4,
          grunt_megastairs_1
Lair:3:   regret_index_combs_of_tragedy, minmay_shoals_entry_lonely_mermaid,
          grunt_megastairs_2, uniq_nergalle
Lair:4:   beast_lair_carwin_large_1, uniq_rupert
Lair:5:   forest_entry_grove, grunt_megastairs_4, uniq_urug
Lair:6:   evilmike_catoblepas_cave, slime_altar_1
Shoals:1: nicolae_shoals_stone_sculpture_thing, kb_tengu_band
Shoals:4: shoals_end_simple, shoals_ilsuiw_ice, serial_shops, shop
Orc:1:    special_room
Orc:2:    grunt_orc_tribal_feast, serial_shops, shop,
          lightli_volcano_entry_magma_tube, bloody_makhleb
Abyss:3:  evilmike_abyss_rune_siren_acolytes
Lab:      labyrinth_mini_lab
Volcano:  volcano_village

Skill      XL: |  1  2  3  4  5  6  7  8  9 10 11 12 13 14 15 16 17 18 |
---------------+-------------------------------------------------------+-----
Axes           | 4 5 6 7 8 10 12 14 15 16 18 21 23 24 | 24.1
Throwing       | 8 11 12 13 15 16 | 16.0
Fighting       | 5 7 8 10 11 | 11.1
Armour         | 4 7 8 9 10 | 10.8
Dodging        | 3 6 7 |  7.7

Action                   |  1- 3 |  4- 6 |  7- 9 | 10-12 | 13-15 | 16-18 || total
-------------------------+-------+-------+-------+-------+-------+-------++-------
Melee: Hand axe          |   126 |   179 |   318 |   623 |    27 |       ||  1273
       Flail             |       |       |       |     3 |       |       ||     3
       Battleaxe         |       |       |       |       |   899 |   240 ||  1139
       Executioner's axe |       |       |       |       |       |   766 ||   766
Throw: Tomahawk          |       |       |       |    61 |   315 |   286 ||   662
       Javelin           |       |       |       |       |     4 |       ||     4
Invok: Berserk           |     1 |     5 |    18 |    20 |     8 |     9 ||    61
       Burn Spellbooks   |       |       |     1 |     3 |     5 |     3 ||    12
       Brothers in Arms  |       |       |     1 |     3 |     4 |     4 ||    12
       Trog's Hand       |       |       |       |     2 |     4 |    10 ||    16
 Abil: Hop               |       |       |     2 |     3 |     4 |     2 ||    11
Evoke: Wand              |       |       |     3 |    34 |    32 |     6 ||    75
  Use: Scroll            |     9 |       |     2 |    16 |    15 |    23 ||    65
       Potion            |     9 |       |       |     2 |     3 |    11 ||    25
 Stab: Distracted        |     1 |       |       |       |       |       ||     1
       Invisible         |       |     1 |       |       |       |       ||     1
       Confused          |       |       |       |     1 |       |       ||     1
       Petrified         |       |       |       |       |     1 |       ||     1
  Eat: Chunk             |     5 |     7 |    12 |    37 |    39 |    40 ||   140
       Fruit             |       |     3 |     7 |     7 |     3 |       ||    20
       Bread ration      |       |       |     2 |     1 |       |       ||     3
       Royal jelly       |       |       |     1 |       |       |       ||     1
Armor: Animal skin       |    21 |       |       |       |       |       ||    21
       Scale mail        |    10 |    54 |   110 |    39 |       |       ||   213
       Plate armour      |       |       |       |   147 |   385 |   479 ||  1011
       Skin              |       |       |       |    64 |       |       ||    64
Dodge: Dodged            |    92 |    72 |   138 |   159 |   488 |   947 ||  1896
Block: Other             |       |       |     6 |    21 |       |       ||    27
